 Dungeon Crawl Stone Soup version 0.28.0-43-g3370ac3207 (webtiles) character file.

Game seed: 17176275396307498712

52 smarlow the Ducker (level 4, 0/31 HPs)
             Began as a Djinni Fire Elementalist on Feb 28, 2022.
             Slain by a rat (2 damage)
             ... on level 3 of the Dungeon.
             The game lasted 00:01:55 (951 turns).

smarlow the Ducker (Djinni Fire Elementalist)        Turns: 951, Time: 00:01:56

Health: 0/31       AC:  2    Str:  7    XL:     4   Next: 8%
Gold:   28         EV: 12    Int: 19    God:
                   SH:  0    Dex: 13

rFire   + + .      SeeInvis .   (no weapon)
rCold   x . .      Faith    .   (no shield)
rNeg    . . .      Spirit   .   a - +0 robe
rPois   ∞          Reflect  .   (no helmet)
rElec   .          Harm     .   (no cloak)
rCorr   .          Rampage  .   (no gloves)
Will    .....                   (boots unavailable)
Stlth   ++........              (no amulet)
HPRegen 0.10/turn               (no ring)
MPRegen 0.00/turn               (no ring)

@: flying
A: sickness immunity, fire resistance 2, cold vulnerability 1, float, innate
caster, HP casting, extra vitality 1
a: no special abilities


You were on level 3 of the Dungeon.
You visited 1 branch of the dungeon, and saw 3 of its levels.

You collected 28 gold pieces.

Inventory:

Armour
 a - a +0 robe (worn)
Scrolls
 c - a scroll of fog {unknown}
 d - a scroll of noise {unknown}
Potions
 b - a potion of degeneration {unknown}
 e - a potion of flight {unknown}


   Skills:
 + Level 0.8 Fighting
 + Level 3.0 Dodging
 + Level 2.3 Stealth
 + Level 2.8 Spellcasting


You couldn't memorise any spells.
You knew the following spells:

 Your Spells              Type           Power      Damage    Failure   Level
a - Foxfire               Conj/Fire      52%        2x1d6     4%          1
b - Scorch                Fire           26%        2d6       8%          2
c - Conjure Flame         Conj/Fire      13%        6-21      14%         3
d - Inner Flame           Hex/Fire       13%        N/A       14%         3
e - Flame Wave            Conj/Fire      13%        2d6       43%         4
f - Shock                 Conj/Air       52%        1d6       4%          1
Your spell library was empty.

Dungeon Overview and Level Annotations

Branches:
Dungeon (3/15)

Altars:

Annotations:
D:2 Sigmund


Innate Abilities, Weirdness & Mutations

You are immune to sickness and miasma.
You are immune to poison.
Your flesh is very heat resistant. (rF++)
You are vulnerable to cold. (rC-)
You float through the air rather than walking.
You learn spells naturally, not from books.
Your magical power is your life essence.
You have superior vitality. (+4 MHP)


Message History

The puff of flame hits you. You resist.
* * * LOW HITPOINT WARNING * * *
You fly downwards.
Reactivating autopickup.
There is a stone staircase leading up here.
Casting: Scorch (safe; 8% risk of failure)
Confirm with . or Enter, or press ? or * to list all spells.
You don't have enough health to cast this spell.
You hit the rat but do no damage. The rat barely misses you.
You hit the rat.
The rat is moderately wounded.
The rat completely misses you.
You closely miss the rat.
The rat is moderately wounded.
The rat closely misses you.
You hit the rat but do no damage.
The rat is moderately wounded.
The rat bites you.
* * * LOW HITPOINT WARNING * * *
You barely miss the rat.
The rat is moderately wounded.
The rat bites you but does no damage.
You hit the rat but do no damage.
The rat is moderately wounded.
The rat barely misses you.
You hit the rat but do no damage.
The rat is moderately wounded.
The rat barely misses you.
You aren't carrying any items that you can evoke.
You hit the rat.
The rat is severely wounded.
The rat closely misses you.
Okay, then.
You closely miss the rat.
The rat is severely wounded.
The rat completely misses you.
You closely miss the rat.
The rat is severely wounded.
The rat bites you.
You die... #######.# #@r.....# #########

You could see a rat.

Vanquished Creatures
  An orc wizard (D:3)
  7 orcs
  A bat (D:2)
  An endoplasm (D:3)
  A giant cockroach (D:2)
  4 goblins
  A kobold (D:2)
  A ball python (D:1)
  A frilled lizard (D:3)
  A rat (D:1)
19 creatures vanquished.

Vanquished Creatures (collateral kills)
  2 foxfires (D:1)
2 creatures vanquished.

Vanquished Creatures (others)
  53 foxfires
53 creatures vanquished.

Grand Total: 74 creatures vanquished

Notes
Turn   | Place    | Note
-------+----------+-------------------------------------------
     0 | D:1      | smarlow the Djinni Fire Elementalist began the quest for
                  | the Orb.
     0 | D:1      | Reached XP level 1. HP: 15/15 MP: 0/0
   355 | D:1      | Found a faded altar of an unknown god.
   511 | D:1      | You are sucked into a shaft and drop 1 floor!
   552 | D:2      | Reached XP level 2. HP: 19/21 MP: 0/0
   882 | D:2      | Noticed Sigmund
   892 | D:3      | Reached XP level 3. HP: 24/25 MP: 0/0
   892 | D:3      | Learned a level 1 spell: Shock
   902 | D:3      | Reached skill level 3 in Dodging
   902 | D:3      | Reached XP level 4. HP: 9/31 MP: 0/0
   945 | D:3      | HP: 1/31 [rat (1)]
   951 | D:3      | Slain by a rat

Illustrated notes

Levels and vault maps discovered:
D:1:      wheals_arrival_linesprint, layout_loops_ring,
          shapermc_ecumenical_altar_ellora
D:2:      layout_rooms, uniq_terence, uniq_sigmund
D:3:      kennysheep_six_static_rooms, layout_basic, st_stairs_12,
          due_unseen_surprise, uniq_robin

Skill      XL: |  1  2  3 |
---------------+----------+-----
Stealth        | 2 |  2.3
Dodging        | 3 |  3.0
Fighting       | |  0.8
Spellcasting   | |  2.8

Action                   |  1- 3 |  4- 6 || total
-------------------------+-------+-------++-------
Melee: Unarmed           |       |    10 ||    10
 Cast: Foxfire           |    35 |       ||    35
       Scorch            |     6 |     4 ||    10
Armor: Robe              |       |     3 ||     3
Dodge: Dodged            |     3 |     8 ||    11
